 Dungeon Crawl Stone Soup version 0.18.1-48-g4cf74bf (webtiles) character file.

2178 varam the Cutter (level 9, 0/65 HPs)
             Began as a Mummy Fighter on July 4, 2016.
             Was an Initiate of Gozag.
             Slain by an orc warrior
             ... wielding a +0 flail
              (7 damage)
             ... on level 6 of the Dungeon on July 10, 2016.
             The game lasted 00:29:05 (7717 turns).

varam the Cutter (Mummy Fighter)                    Turns: 7717, Time: 00:29:05

Health: 0/65       AC:  9    Str: 19    XL:     9   Next: 11%
Magic:  9/9        EV:  7    Int:  8    God:    Gozag
Gold:   339        SH: 10    Dex: 14    Spells: 0 memorised, 8 levels left

rFire  . . .     SeeInvis .     j - +0 short sword (elec)
rCold  + . .     Gourm    .     b - +0 scale mail
rNeg   + + +     Faith    +     c - +0 shield
rPois  ∞         Spirit   .     (no helmet)
rElec  .         Dismiss  .     (no cloak)
rCorr  .         Reflect  .     m - +0 pair of gloves
SustAt .         Harm     .     y - +0 pair of boots
MR     +....                    u - amulet of faith
Stlth  ..........               (no ring)
                                v - ring of protection from fire

@: somewhat resistant to hostile enchantments, extremely unstealthy
A: no food or potions, fire vulnerability, cold resistance 1, negative energy
resistance 3, torment resistance, unbreathing
a: Potion Petition, Call Merchant, Bribe Branch, Renounce Religion


You were on level 6 of the Dungeon.
You worshipped Gozag.
Gozag was noncommittal.
You were not hungry.

You visited 2 branches of the dungeon, and saw 7 of its levels.

You collected 445 gold pieces.
You paid 106 gold pieces to Gozag.

Inventory:

Hand Weapons
 a - a +0 flail
 d - a +1 dagger of flaming
 j - a +0 short sword of electrocution (weapon)
Armour
 b - a +0 scale mail (worn)
 c - a +0 shield (worn)
 k - a +0 chain mail
 m - a +0 pair of gloves (worn)
 p - a +0 leather armour of positive energy
 y - a +0 pair of boots (worn)
Jewellery
 u - an amulet of faith (around neck)
 v - a ring of protection from fire (left hand)
Wands
 s - a wand of hasting (6/9)
 w - a wand of iceblast (6/15)
Scrolls
 e - a scroll of noise {unknown}
 f - 2 scrolls of fear {unknown}
 g - 2 scrolls of amnesia {unknown}
 h - 3 scrolls of random uselessness {unknown}
 i - a scroll of recharging
 l - a scroll of teleportation {unknown}
 n - 4 scrolls of remove curse {unknown}
 o - 3 scrolls of identify {unknown}
 q - a scroll of magic mapping
 t - 2 scrolls of enchant weapon {unknown}
 z - a scroll of fog {unknown}
 A - 2 scrolls of blinking {unknown}
Books
 r - Vehumet's Grimoire of Attacks
   (You found it on level 2 of the Dungeon)

   Spells                             Type                      Level
   a - Magic Dart                     Conjuration                  1
 x - the Reference Book on Virous Conjuration
   (You found it on level 5 of the Dungeon)

   Spells                             Type                      Level
   a - Sting                          Conjuration/Poison           1
   b - Throw Frost                    Conjuration/Ice              2
   c - Throw Icicle                   Conjuration/Ice              4
   d - Lightning Bolt                 Conjuration/Air              5
   e - Freezing Cloud                 Conjuration/Ice/Air          6


   Skills:
 - Level 4.0 Fighting
 * Level 7.5 Short Blades
 - Level 2.2 Maces & Flails
 - Level 5.0 Armour
 - Level 0.1 Dodging
 + Level 4.6 Shields


You had 8 spell levels left.
You didn't know any spells.

Dungeon Overview and Level Annotations

Branches:
Dungeon (6/15)             Temple (1/1) D:6

Altars:
Ashenzari
Cheibriados
Elyvilon
Fedhas
Gozag
Kikubaaqudgha
Makhleb
Nemelex Xobeh
Okawaru
Qazlal
Ru
Sif Muna
Trog
Vehumet
Xom
Yredelemnul
The Shining One

Shops:
D:6 *

Annotations:
D:3 Coyotero's ghost, amateur NaCK


Innate Abilities, Weirdness & Mutations

You do not eat or drink.
Your flesh is vulnerable to fire.
You are immune to poison.
Your flesh is cold resistant.
You are immune to negative energy.
You are immune to unholy pain and torment.
You can survive without breathing.


Message History

The orc warrior hits you but does no damage.
You hit the orc warrior but do no damage.
The orc warrior is almost dead.
You hit the orc warrior but do no damage.
The orc warrior is almost dead.
The orc warrior barely misses you.
You hit the orc warrior.
The orc warrior is almost dead.
The orc warrior barely misses you.
You closely miss the orc warrior.
The orc warrior is almost dead.
You hit the orc warrior but do no damage.
The orc warrior is almost dead.
The orc warrior hits you with a flail.
* * * LOW HITPOINT WARNING * * *
Your shield and scale mail prevent you from hitting the orc warrior.
The orc warrior is almost dead.
The orc warrior hits you with a flail!
You die...
Your body crumbles into a pile of gold.

###...... #.....# #
######.....###
#..........##.
#.####........
#.####........
########.#...........
#......)...........).
#.>.#@#####.###.....#.
#...#o# #.###....##.
...#.# ..##.....##.
..... ##........##.
.... ..##.......(
....# #.###....###
.#.## #.# #....###
..#.#####.###..[..#.
#.................


You could see an orc warrior.

Vanquished Creatures
  Duvessa (D:4)
  A black bear (D:6)
  2 ice beasts
  A sky beast (D:6)
  6 ogres
  3 phantoms
  A centaur (D:5)
  A scorpion (D:5)
  Dowan (D:4)
  A jelly (D:6)
  A howler monkey (D:6)
  A hound (D:4)
  2 orc priests (D:6)
  Crazy Yiuf (D:2)
  2 giant frog skeletons (D:6)
  An iguana (D:4)
  2 orc wizards (D:6)
  4 worker ants (D:4)
  A hound zombie (D:5)
  A hound skeleton (D:5)
  A worker ant zombie (D:5)
  Robin (D:3)
  17 adders
  A howler monkey skeleton (D:4)
  A shadow imp (D:5)
  2 oozes
  2 adder skeletons
  2 worms
  3 dart slugs
  2 giant geckos
  8 orcs
  A ball python (D:1)
  3 giant cockroaches
  12 goblins
  7 hobgoblins
  9 jackals
  10 kobolds
  3 quokkas
  8 bats
  4 giant newts
  5 rats
136 creatures vanquished.

Notes
Turn   | Place    | Note
--------------------------------------------------------------
     0 | D:1      | varam the Mummy Fighter began the quest for the Orb.
     0 | D:1      | Reached XP level 1. HP: 18/18 MP: 1/1
   168 | D:1      | Reached XP level 2. HP: 24/24 MP: 2/2
  1051 | D:2      | Reached XP level 3. HP: 15/29 MP: 3/3
  1288 | D:2      | Reached skill level 1 in Short Blades
  1459 | D:2      | Reached XP level 4. HP: 33/37 MP: 4/4
  1658 | D:2      | Found a radiant altar of Vehumet.
  1662 | D:2      | Found an ancient bone altar of Kikubaaqudgha.
  1663 | D:2      | Found a deep blue altar of Sif Muna.
  1697 | D:2      | Identified Vehumet's Grimoire of Attacks (You found it on level 2 of the Dungeon)
  1802 | D:2      | Found a sparkling altar of Nemelex Xobeh.
  1824 | D:2      | Noticed Crazy Yiuf
  1833 | D:2      | Killed Crazy Yiuf
  1833 | D:2      | Reached skill level 2 in Short Blades
  1833 | D:2      | Reached XP level 5. HP: 33/42 MP: 5/5
  2299 | D:3      | Noticed Robin
  2341 | D:3      | Killed Robin
  2449 | D:3      | Found a bloodstained altar of Trog.
  2682 | D:3      | Noticed Coyotero's ghost (amateur NaCK)
  2720 | D:4      | You fall through a shaft for 2 floors!
  2720 | D:6      | Noticed a sky beast
  2764 | D:5      | Entered Level 5 of the Dungeon
  3059 | D:4      | Noticed an ogre
  3082 | D:4      | Noticed Duvessa
  3084 | D:4      | Noticed Dowan
  3099 | D:4      | Found a sparkling altar of Nemelex Xobeh.
  3142 | D:4      | Noticed an ogre
  3299 | D:4      | Reached skill level 3 in Short Blades
  3757 | D:4      | Noticed an ogre
  3765 | D:4      | Killed an ogre
  3765 | D:4      | Reached XP level 6. HP: 25/48 MP: 6/6
  4022 | D:4      | Reached skill level 4 in Short Blades
  4145 | D:4      | Killed Dowan
  4281 | D:4      | Found a basalt altar of Yredelemnul.
  4281 | D:4      | Found a shattered altar of Ashenzari.
  4329 | D:4      | Reached XP level 7. HP: 24/54 MP: 7/7
  4530 | D:4      | Reached skill level 5 in Short Blades
  5230 | D:4      | Killed Duvessa
  5631 | D:5      | Reached XP level 8. HP: 60/60 MP: 8/8
  5748 | D:5      | Identified the Reference Book on Virous Conjuration (You found it on level 5 of the Dungeon)
  5780 | D:5      | Found a white marble altar of Elyvilon.
  5833 | D:5      | Found a shimmering altar of Xom.
  5988 | D:5      | Reached skill level 6 in Short Blades
  6050 | D:5      | Found a stormy altar of Qazlal.
  6087 | D:5      | Found a burning altar of Makhleb.
  6087 | D:5      | Noticed an Executioner
  6473 | D:6      | Reached skill level 5 in Armour
  6846 | D:6      | Found a staircase to the Ecumenical Temple.
  6854 | Temple   | Entered the Ecumenical Temple
  6951 | Temple   | Became a worshipper of Gozag Ym Sagoz the Greedy
  7073 | D:6      | Reached skill level 7 in Short Blades
  7371 | D:6      | Found Dieduomi's Assorted Antiques.
  7592 | D:6      | Reached XP level 9. HP: 48/65 MP: 9/9
  7717 | D:6      | Slain by an orc warrior

Skill      XL: |  1  2  3  4  5  6  7  8 |
---------------+-------------------------+-----
Maces & Flails | 2 |  2.2
Short Blades   | 1 2 3 4 5 7 |  7.5
Fighting       | 4 |  4.0
Armour         | 3 4 5 |  5.0
Shields        | 3 4 |  4.6
Dodging        | |  0.1

Action                   |  1- 3 |  4- 6 |  7- 9 || total
-------------------------+-------+-------+-------++-------
Melee: Dagger            |    53 |       |       ||    53
       Short sword       |    52 |   243 |   309 ||   604
  Use: Scroll            |       |       |     2 ||     2
Armor: Scale mail        |    46 |    81 |    83 ||   210
Dodge: Dodged            |    27 |    70 |    56 ||   153
Block: Shield            |    41 |    94 |   100 ||   235
